 Dungeon Crawl Stone Soup version 0.19.1 (webtiles) character file.

1916 Mefis the Thaumaturge (level 8, 0/41 HPs)
             Began as a Deep Elf Wizard on Dec 9, 2016.
             Was a Believer of Sif Muna.
             Slain by a killer bee zombie (4 damage)
             ... on level 7 of the Dungeon on Dec 10, 2016.
             The game lasted 00:19:43 (7894 turns).

Mefis the Thaumaturge (Deep Elf Wizard)             Turns: 7894, Time: 00:19:44

Health: 0/41       AC:  3    Str:  4    XL:     8   Next: 95%
Magic:  0/22       EV: 15    Int: 26    God:    Sif Muna [**....]
Gold:   272        SH:  0    Dex: 13    Spells: 8 memorised, 5 levels left

rFire  . . .     SeeInvis .     B - +2 quarterstaff (chaos)
rCold  . . .     Gourm    .     a - +0 robe
rNeg   . . .     Faith    .     (shield currently unavailable)
rPois  +         Spirit   .     b - +0 hat
rElec  .         Reflect  .     v - +0 cloak
rCorr  .         Harm     .     (no gloves)
MR     +....                    (no boots)
Stlth  +++.......               f - amulet of rage
                                C - ring of poison resistance
                                w - ring of protection from magic

@: repel missiles
A: no striking features
a: Divine Energy, Renounce Religion, Evoke Berserk Rage


You were on level 7 of the Dungeon.
You worshipped Sif Muna.
Sif Muna was pleased with you.
You were not hungry.

You visited 2 branches of the dungeon, and saw 8 of its levels.

You collected 272 gold pieces.

Inventory:

Hand Weapons
 n - a +0 short sword
 B - a +2 quarterstaff of chaos (weapon)
Missiles
 e - 18 sling bullets
 o - 115 bolts
 q - 30 poisoned needles
 H - 8 poisoned tomahawks (quivered)
Armour
 a - a +0 robe (worn)
 b - a +0 hat (worn)
 v - a +0 cloak (worn)
Jewellery
 f - an amulet of rage (around neck)
 w - a ring of protection from magic (left hand)
 C - a ring of poison resistance (right hand)
 K - an uncursed ring of resist corrosion {unknown}
Wands
 l - a wand of iceblast (0/15)
 F - a wand of polymorph (16/24)
Scrolls
 j - 5 scrolls of amnesia
 r - a scroll of blinking {unknown}
 t - 4 scrolls of fog
 u - 4 scrolls of remove curse
 x - a scroll of enchant armour {unknown}
 y - a scroll of immolation
 E - 2 scrolls of teleportation
 G - a scroll of noise {unknown}
 N - a scroll of magic mapping {unknown}
 O - a scroll of recharging {unknown}
Potions
 g - a potion of lignification {unknown}
 h - 2 potions of curing
 i - 2 potions of agility {unknown}
 k - 3 potions of heal wounds
 m - a potion of brilliance {unknown}
 z - a potion of cancellation {unknown}
 I - a potion of mutation {unknown}
 J - a potion of invisibility {unknown}
 L - 3 potions of resistance {unknown}
 P - a potion of might {unknown}
Books
 c - a book of Minor Magic

   Spells                             Type                      Level
   a - Magic Dart                     Conjuration                  1
   b - Blink                          Translocation                2
   c - Call Imp                       Summoning                    2
   d - Repel Missiles                 Charms/Air                   2
   e - Slow                           Hexes                        2
   f - Conjure Flame                  Conjuration/Fire             3
   g - Mephitic Cloud                 Conjuration/Poison/Air       3
 A - a book of Misfortune

   Spells                             Type                      Level
   a - Confusing Touch                Hexes                        1
   b - Confuse                        Hexes                        3
   c - Gell's Gravitas                Hexes/Translocation          3
   d - Petrify                        Transmutation/Earth          4
   e - Metabolic Englaciation         Hexes/Ice                    5
   f - Yara's Violent Unravelling     Hexes/Transmutation          5
Comestibles
 d - 8 bread rations
 p - 5 meat rations
 s - 2 beef jerkies
 D - 2 slices of pizza
 M - 2 fruits


   Skills:
 + Level 5.4 Dodging
 + Level 5.5 Stealth
 * Level 8.1 Spellcasting
 + Level 3.7 Conjurations
 + Level 3.8 Hexes
 + Level 4.1 Summonings
 + Level 3.2 Translocations
 + Level 2.8 Air Magic
 + Level 3.3 Poison Magic
 + Level 3.3 Evocations


You had 5 spell levels left.
You knew the following spells:

 Your Spells              Type           Power        Failure   Level  Hunger
a - Magic Dart            Conj           ####         1%          1    None
b - Call Imp              Summ           ####....     1%          2    None
c - Blink                 Tloc           N/A          2%          2    None
d - Repel Missiles        Chrm/Air       ###...       6%          2    None
e - Mephitic Cloud        Conj/Pois/Air  ####....     6%          3    None
f - Conjure Flame         Conj/Fire      ###.....     10%         3    None
g - Slow                  Hex            ####....     1%          2    None
h - Gell's Gravitas       Hex/Tloc       ####......   4%          3    None


Dungeon Overview and Level Annotations

Branches:
Dungeon (7/15)             Temple (1/1) D:4

Altars:
Ashenzari
Cheibriados
Dithmenos
Elyvilon
Fedhas
Gozag
Hepliaklqana
Kikubaaqudgha
Makhleb
Nemelex Xobeh
Okawaru
Qazlal
Ru
Sif Muna
Trog
Uskayaw
Vehumet
Xom
Yredelemnul
Zin
The Shining One


Message History

The killer bee is engulfed in noxious fumes.
The killer bee appears confused.
The killer bee zombie hits you.
* * * LOW HITPOINT WARNING * * *
The killer bee barely misses the killer bee.
The killer bee zombie misses you. The killer bee zombie hits you.
* * * LOW HITPOINT WARNING * * *
The killer bee zombie hits you.
* * * LOW HITPOINT WARNING * * *
The killer bee is engulfed in noxious fumes.
The killer bee zombie hits you but does no damage.
The killer bee stings itself.
The killer bee zombie closely misses you.
Okay, then.
Casting: Mephitic Cloud
Confirm with . or Enter, or press ? or * to list all spells.
You blink.
The killer bee barely misses itself.
The killer bee closely misses you. The killer bee zombie hits you.
You die...

##.# ##.# #.#### #.#
#....# #.## ####.##
#..## #..## ###..##
##).####..#..#
#####.......##.#
##..........ยง...###
##..###...#####Z@..##
...####.### ##y...##
######..# ##.....##
###....## #.......#
#..#### #...yy..#
##.## #.......# .#.#
##.....## ...#
##.....## ##.# #####
#.......#


You could see 3 killer bees and a killer bee zombie.

Vanquished Creatures
  Grinder (D:3)
  Sigmund (D:6)
  A spriggan (D:7)
  An orc warrior (D:6)
  A sky beast (D:6)
  A centaur (D:6)
  5 bullfrogs
  A scorpion (D:7)
  2 howler monkeys
  A centaur zombie (D:5)
  2 jellies (D:5)
  An orc priest (D:4)
  2 hounds
  Crazy Yiuf (D:4)
  A centaur skeleton (D:6)
  3 orc wizards
  A bullfrog skeleton (D:4)
  2 worker ants
  3 iguanas
  A killer bee zombie (D:5)
  A hound zombie (D:5)
  2 hound skeletons
  6 adders
  4 gnolls (D:6)
  A howler monkey skeleton (D:4)
  2 shadow imps (D:5)
  3 oozes
  An adder skeleton (D:4)
  A worm (D:4)
  2 dart slugs
  4 leopard geckos
  19 orcs
  4 giant cockroaches
  7 goblins
  6 hobgoblins
  9 kobolds
  3 quokkas
  4 ball pythons
  4 bats
  4 frilled lizards
  A jackal skeleton (D:6)
  A jackal zombie (D:5)
  A leopard gecko zombie (D:7)
  A quokka skeleton (D:4)
  A quokka zombie (D:6)
  6 rats
130 creatures vanquished.

Vanquished Creatures (collateral kills)
  Ijyb (D:1)
  A worm (D:2)
  A hobgoblin (D:2)
3 creatures vanquished.

Grand Total: 133 creatures vanquished

Notes
Turn   | Place    | Note
-------+----------+-------------------------------------------
     0 | D:1      | Mefis the Deep Elf Wizard began the quest for the Orb.
     0 | D:1      | Reached XP level 1. HP: 10/10 MP: 7/7
   261 | D:1      | Reached XP level 2. HP: 15/15 MP: 5/9
   265 | D:1      | Learned a level 2 spell: Call Imp
   268 | D:1      | Learned a level 2 spell: Blink
   271 | D:1      | Learned a level 2 spell: Repel Missiles
   369 | D:1      | Reached skill level 5 in Spellcasting
   805 | D:2      | Noticed Ijyb
   872 | D:1      | Killed Ijyb
   872 | D:1      | Reached XP level 3. HP: 14/19 MP: 2/11
   880 | D:1      | Learned a level 3 spell: Mephitic Cloud
  1437 | D:2      | Reached XP level 4. HP: 24/24 MP: 1/13
  1442 | D:2      | Learned a level 3 spell: Conjure Flame
  2270 | D:3      | Noticed Grinder
  2325 | D:3      | Paralysed by Grinder for 6 turns
  2384 | D:3      | Killed Grinder
  2384 | D:3      | Reached skill level 6 in Spellcasting
  2384 | D:3      | Reached skill level 1 in Air Magic
  2384 | D:3      | Reached skill level 1 in Evocations
  2384 | D:3      | Reached XP level 5. HP: 28/28 MP: 1/15
  3099 | D:4      | Reached skill level 1 in Poison Magic
  3099 | D:4      | Reached XP level 6. HP: 28/32 MP: 4/17
  3103 | D:4      | Learned a level 2 spell: Slow
  3278 | D:4      | Found a staircase to the Ecumenical Temple.
  3316 | Temple   | Entered the Ecumenical Temple
  3341 | Temple   | Became a worshipper of Sif Muna the Loreminder
  3894 | D:4      | Reached skill level 1 in Hexes
  3992 | D:4      | Found a runed door.
  4319 | D:4      | Noticed Crazy Yiuf
  4327 | D:4      | Killed Crazy Yiuf
  4376 | D:5      | Entered Level 5 of the Dungeon
  4449 | D:5      | Reached XP level 7. HP: 35/36 MP: 1/18
  4806 | D:5      | Reached * piety under Sif Muna
  5676 | D:6      | Learned a level 3 spell: Gell's Gravitas
  5905 | D:6      | Reached skill level 7 in Spellcasting
  5905 | D:6      | Reached XP level 8. HP: 41/41 MP: 11/20
  6512 | D:6      | Found Munirunk's Gadget Shop.
  6570 | D:6      | Reached ** piety under Sif Muna
  6819 | D:6      | Reached skill level 5 in Dodging
  6819 | D:6      | Reached skill level 5 in Stealth
  6986 | D:6      | Noticed Sigmund
  6997 | D:6      | Killed Sigmund
  7380 | D:7      | Found a glowing silver altar of Zin.
  7413 | D:7      | Reached skill level 8 in Spellcasting
  7894 | D:7      | Slain by a killer bee zombie

Skill      XL: |  1  2  3  4  5  6  7  8 |
---------------+-------------------------+-----
Spellcasting   | 5 6 7 8 |  8.1
Dodging        | 3 4 5 |  5.4
Stealth        | 3 4 5 |  5.5
Summonings     | 2 3 4 |  4.1
Air Magic      | 1 2 |  2.8
Evocations     | 1 2 3 |  3.3
Conjurations   | 2 3 |  3.7
Poison Magic   | 1 2 3 |  3.3
Translocations | 2 3 |  3.2
Hexes          | 1 2 3 |  3.8

Action                   |  1- 3 |  4- 6 |  7- 9 || total
-------------------------+-------+-------+-------++-------
Melee: Quarterstaff      |       |       |     9 ||     9
Throw: Tomahawk          |       |       |     8 ||     8
       Throwing net      |       |       |     1 ||     1
 Cast: Magic Dart        |    86 |   169 |   184 ||   439
       Call Imp          |     5 |     9 |     1 ||    15
       Repel Missiles    |     1 |     1 |       ||     2
       Mephitic Cloud    |       |     3 |    17 ||    20
       Conjure Flame     |       |       |     2 ||     2
       Gell's Gravitas   |       |       |     4 ||     4
       Blink             |       |       |     1 ||     1
Evoke: Wand              |       |     1 |     3 ||     4
  Use: Scroll            |       |     3 |     6 ||     9
 Stab: Paralysed         |       |       |     1 ||     1
       Sleeping          |       |       |     1 ||     1
  Eat: Chunk             |     1 |     4 |    11 ||    16
       Bread ration      |       |     1 |       ||     1
Armor: Robe              |     1 |     5 |    17 ||    23
Dodge: Dodged            |    10 |    28 |    60 ||    98
       Deflected         |     1 |       |       ||     1
